 Dungeon Crawl Stone Soup version 0.30.1-9-gdf580d7c3d (webtiles) character file.

Game seed: 10453883737405392774

3 leafyfresh the Sneak (level 1, -1/20 HPs)
             Began as a Minotaur Delver on Oct 26, 2023.
             Succumbed to a scorpion's poison
             ... on level 5 of the Dungeon.
             The game lasted 00:00:30 (134 turns).

leafyfresh the Sneak (Minotaur Delver)               Turns: 134, Time: 00:00:31

Health: -1/20      AC:  6    Str: 16    XL:     1   Next: 41%
Magic:  0/0        EV:  9    Int:  7    God:
Gold:   46         SH:  0    Dex: 11    Spells: 0/0 levels left

rFire   . . .        a - +0 short sword
rCold   . . .        (no shield)
rNeg    . . .        j - +0 scale mail
rPois   .            (helmet restricted)
rElec   .            (no cloak)
rCorr   .            (no gloves)
SInv    .            (no boots)
Will    .....        (no amulet)
Stlth   +            (no ring)
HPRegen 0.23/turn    (no ring)
MPRegen 0.07/turn

%: no passive effects
@: lethally poisoned (-1 -> -13)
A: horns 2, retaliatory headbutt
a: no special abilities


You were on level 5 of the Dungeon.
You visited 1 branch of the dungeon, and saw 1 of its levels.

You collected 46 gold pieces.

Inventory:

Hand Weapons
 a - a +0 short sword (weapon)
Missiles
 k - 5 datura-tipped darts (quivered)
Armour
 b - a +0 leather armour
 j - a +0 scale mail (worn)
Magical Staves
 h - a staff of death
Wands
 g - a wand of digging (3)
Scrolls
 c - a scroll of fog
 d - a scroll of magic mapping
 e - a scroll of fear
 i - a scroll of summoning {unknown}
Potions
 f - a potion of haste


   Skills:
 + Level 3.7 Fighting
 - Level 2.3 Short Blades
 - Level 2.2 Dodging
 - Level 4.1 Stealth


You couldn't memorise any spells.
You didn't know any spells.
Your spell library was empty.

Dungeon Overview and Level Annotations

Branches:
Dungeon (5/15)
 Temple: D:4-7

Altars:
Kikubaaqudgha


Innate Abilities, Weirdness & Mutations

You have a pair of horns on your head.
You reflexively headbutt those who attack you in melee.


Message History

j - a +0 scale mail
Found an ancient bone altar of Kikubaaqudgha.
You see here 5 datura-tipped darts.
k - 5 datura-tipped darts You start removing your armour.
You continue taking off your +0 leather armour. x4
You finish taking off your +0 leather armour.
You start putting on your armour.
You continue putting on your +0 scale mail. x5
You finish putting on your +0 scale mail.
Your library has no spells.
You don't know any spells.
Unknown command.
Unknown command.
HP restored.
You now have 46 gold pieces (gained 17).
Found a long sword.
A scorpion comes into view.
Found a stone staircase leading up.
A scorpion is nearby!
The scorpion stings you but does no damage.
A scorpion is nearby!
You barely miss the scorpion. The scorpion closely misses you.
You barely miss the scorpion. The scorpion stings you.
You are poisoned.
The scorpion poisons you! The scorpion stings you.
You are lethally poisoned!
The scorpion poisons you!
You hit the scorpion but do no damage. Your headbutt misses the scorpion.
You feel very sick. The scorpion stings you.
You barely miss the scorpion. You headbutt the scorpion.
The scorpion is moderately wounded.
* * * LOW HITPOINT WARNING * * *
You feel very sick. The scorpion stings you.
* * * LOW HITPOINT WARNING * * *
You barely miss the scorpion.
The scorpion is moderately wounded.
You die...

.... ..< ... #.. ..# .#
#.# #)# #s# #.+ #@# #.+
#######.###.#
#..^...<..#.#
#..........>#
#...........##########
#..............##....# .
#..........#.....>...#
...#.....†.......###.##.#
#..............##..##.####


You could see a scorpion.

Vanquished Creatures
  A worm (D:5)
1 creature vanquished.

Notes
Turn   | Place    | Note
-------+----------+-------------------------------------------
     0 | D:5      | leafyfresh the Minotaur Delver began the quest for the Orb.
     0 | D:5      | Reached XP level 1. HP: 19/19 MP: 0/0
    51 | D:5      | Found an ancient bone altar of Kikubaaqudgha.
   127 | D:5      | Noticed a scorpion
   133 | D:5      | HP: 1/20 [scorpion (3)]
   134 | D:5      | Succumbed to a scorpion's poison

Illustrated notes

Levels and vault maps discovered:
D:5:      minmay_chambers_of_threes, layout_rooms,
          grunt_temple_overflow_champion_of_chaos,
          nicolae_kikubaaqudgha_miasma_corner, minmay_temple_entry_sparse_star,
          minivault_23, kennysheep_generic_room_4, uniq_blork_the_orc

Action                     || total
---------------------------++-------
  Melee: Short sword       ||    13
         Headbutt          ||     2
 Armour: Scale mail        ||     1
  Dodge: Dodged            ||     2
